 Dungeon Crawl Stone Soup version 0.23-a0-767-gdc19b93d68 (webtiles) character file.

128369 1492 the Warrior (level 17, -6/113 HPs)
             Began as a Tengu Monk on Jan 22, 2019.
             Was the Champion of Okawaru.
             Mangled by a vampire knight
             ... wielding a +0 glaive
              (33 damage)
             ... on level 3 of the Depths.
             The game lasted 01:32:19 (26209 turns).

1492 the Warrior (Tengu Monk)                      Turns: 26209, Time: 01:32:20

Health: -6/113     AC: 21    Str: 20    XL:     17   Next: 3%
Magic:  18/24      EV: 24    Int: 11    God:    Okawaru [******]
Gold:   720        SH: 25    Dex: 18    Spells: 14/16 levels left

rFire    + . .     SeeInvis .   a - +3 demon whip (vamp) {!w}
rCold    . . .     Gourm    .   o - +0 large shield of Exto {rF+ rN++}
rNeg     + + .     Faith    .   T - +0 plate armour {MR+}
rPois    .         Spirit   .   K - +1 hat
rElec    .         Reflect  +   G - scarf {repulsion}
rCorr    .         Harm     .   v - +2 pair of gloves {Str+3}
MR       +++..                  (boots unavailable)
Stlth    ..........             t - +3 amulet of reflection
HPRegen  0.28/turn              b - +4 ring of evasion
MPRegen  0.19/turn              m - ring of protection from magic

@: about to teleport, heroism, finesse, flying quickly and evasively, studying
Shields, repel missiles, quick
A: beak, talons 3, able to fly 2
a: Stop Flying, Heroism, Finesse, Renounce Religion


You were on level 3 of the Depths.
You worshipped Okawaru.
Okawaru was exalted by your worship.
You were very hungry.

You visited 3 branches of the dungeon, and saw 19 of its levels.
You also visited: Sewer, Ossuary and Gauntlet.

You collected 1670 gold pieces.
You spent 950 gold pieces at shops.

Inventory:

Hand Weapons
 a - a +3 vampiric demon whip (weapon) {!w}
 z - a +5 demon whip of slashing
 Z - a +0 broad axe of freezing
Missiles
 k - 27 tomahawks (quivered)
 p - a throwing net {!f}
Armour
 l - +0 ice dragon scales
 o - the +0 large shield of Exto (worn) {rF+ rN++}
   (You found it on level 10 of the Dungeon)

   It protects you from fire.
   It greatly protects you from negative energy.
 v - a +2 pair of gloves of strength (worn)
 x - the +2 plate armour of Past Mistakes {rN++ rCorr SInv Stlth-}
   (Okawaru gifted it to you on level 15 of the Dungeon)

   It greatly protects you from negative energy.
   It lets you see invisible.
   It provides partial protection from all sources of acid and corrosion.
   It makes you less stealthy.
 G - a scarf of repulsion (worn)
 K - a +1 hat (worn)
 T - a +0 plate armour of magic resistance (worn)
Jewellery
 b - a +4 ring of evasion (left hand)
 i - an uncursed amulet of rage
 m - a ring of protection from magic (right hand)
 t - a +3 amulet of reflection (around neck)
 u - an uncursed ring of resist corrosion
 Q - an uncursed ring of ice
Wands
 E - a wand of enslavement (11)
 M - a wand of polymorph (2)
 P - a wand of paralysis (8)
 V - a wand of digging (6)
Scrolls
 c - 3 scrolls of blinking
 e - 2 scrolls of fog
 h - 5 scrolls of teleportation {!d}
 r - a scroll of magic mapping
 y - 8 scrolls of remove curse {@r2}
 C - a scroll of fear
 N - a scroll of identify {@r1}
 S - a scroll of holy word
 U - a scroll of immolation {!r}
Potions
 d - 7 potions of curing {@q1}
 f - a potion of resistance {!q}
 g - 2 potions of ambrosia {!q}
 j - 2 potions of invisibility {!q}
 n - 2 potions of lignification {!q}
 q - 2 potions of berserk rage
 A - 2 potions of haste {!q}
 B - 4 potions of heal wounds
 D - 11 potions of might
 I - 2 potions of agility
 J - a potion of magic {!q}
 R - 2 potions of cancellation
 X - 4 potions of mutation {!q}
Books
 Y - a manual of Shields {!d}
Miscellaneous
 s - a phial of floods
 F - a box of beasts
 H - a lightning rod (3/4) {!a}
Comestibles
 w - 34 rations {!d}


   Skills:
 * Level 15.5(20.5) Fighting
 - Level 12.1(17.1) Maces & Flails
 - Level 10.0(15.0) Armour
 + Level 13.6(18.6) Dodging
 - Level 2.0(7.0) Stealth
 + Level 13.8(18.8) Shields
 - Level 8.1 Invocations
 + Level 8.5 Evocations


You had 14 spell levels left.
You knew the following spells:

 Your Spells              Type           Power        Failure   Level  Hunger
w - Passwall              Tmut/Erth      #.......     100%        2    ###....

Your spell library contained the following spells:

 Spells                   Type           Power        Failure   Level  Hunger
 Confusing Touch          Hex            #.....       100%        1    ##.....
 Infusion                 Chrm           #...         100%        1    ##.....
 Magic Dart               Conj           #...         100%        1    ##.....
 Sandblast                Erth           #.....       100%        1    ##.....
 Blink                    Tloc           N/A          100%        2    ###....
 Call Imp                 Summ           #.......     100%        2    ###....
 Poisonous Vapours        Pois/Air       #.....       100%        2    ###....
 Searing Ray              Conj           #.....       100%        2    ###....
 Shroud of Golubria       Chrm/Tloc      #.........   100%        2    ###....
 Slow                     Hex            #.......     100%        2    ###....
 Song of Slaying          Chrm           #.......     100%        2    ###....
 Confuse                  Hex            #.......     100%        3    ####...
 Conjure Flame            Conj/Fire      #.......     100%        3    ####...
 Dazzling Spray           Conj/Hex       #.....       100%        3    ####...
 Gell's Gravitas          Tloc           #.........   100%        3    ####...
 Mephitic Cloud           Conj/Pois/Air  #.......     100%        3    ####...
 Regeneration             Chrm/Necr      #.........   100%        3    ####...
 Spectral Weapon          Hex/Chrm       #.......     100%        3    ####...
 Stone Arrow              Conj/Erth      #.....       100%        3    ####...
 Force Lance              Conj/Tloc      #.......     100%        4    #####..
 Fulminant Prism          Conj/Hex       #.........   100%        4    #####..
 Iskenderun's Mystic Bla  Conj           #.......     100%        4    #####..
 Petrify                  Tmut/Erth      #.......     100%        4    #####..
 Lee's Rapid Deconstruct  Erth           #.........   100%        5    ######.
 Metabolic Englaciation   Hex/Ice        #.........   100%        5    ######.
 Yara's Violent Unravell  Hex/Tmut       #.........   100%        5    ######.
 Freezing Cloud           Conj/Ice/Air   #.........   100%        6    #######
 Ring of Flames           Chrm/Fire      #.........   100%        7    #######


Dungeon Overview and Level Annotations

Branches:
Dungeon (15/15)            Temple (1/1) D:4            Lair (0/6) D:11
    Orc (0/2) D:12         Vaults (0/5) D:14         Depths (3/5) D:15

Altars:
Ashenzari
Cheibriados
Dithmenos
Fedhas
Gozag
Hepliaklqana
Kikubaaqudgha
Makhleb
Nemelex Xobeh
Okawaru
Qazlal
Sif Muna
Trog
Uskayaw
Xom
Yredelemnul
Zin
The Shining One

Shops:
D:6 (   D:8 *   D:11 !   Depths:1 [[*%!   Depths:3 [

Portals:
Hell: Depths:1 Depths:2 Depths:3
Abyss: Depths:1
Pandemonium: Depths:3
Ziggurat: Depths:3

Annotations:
D:4 1 runed door
D:11 exclusion: downstairs
D:12 exclusion: downstairs
D:14 exclusion: Roxanne, Roxanne


Innate Abilities, Weirdness & Mutations

You have a beak for a mouth.
You have claws for feet.
You can fly continuously.


Message History

Okawaru accepts your kill.
No target in view!
No target in view!
No target in view!
Put on which piece of jewellery? (? for menu, Esc to quit)
Okay, then.
A necromancer, 2 vampire knights, 2 skeletal warriors and 2 zombies come into view.
The necromancer is wielding a +1 dagger of venom.
The vampire knight shouts!
The necromancer shouts!
The vampire knight shouts!
You hear a shout!
The necromancer gestures wildly while chanting.
The necromancer binds the souls of nearby monsters.
The vampire knight mumbles some strange words.
The vampire knight seems to speed up.
A vampire mage comes into view.
The frost giant zombie moves out of view.
You hear a shout!
Found a shapeshifter corpse and a stone giant skeleton.
A vampire knight comes into view. It is wielding a +0 glaive.
Unknown command.
You hear a shout!
The vampire knight moves out of view.
You hear a chilling moan.
You are feeling very hungry.
The vampire knight points at you and mumbles some strange words.
You resist with almost no effort.
A spriggan berserker comes into view. It is wielding a +0 flail.
The vampire knight blinks!
The vampire knight hits you from afar with a +0 glaive!!
The spriggan berserker utters an invocation to Trog.
Huge Dmg: -23%(-26hp) hp: 77%(87hp)
You hear a shout!
You block the vampire knight's attack.
Unknown command.
The spriggan berserker mumbles some strange prayers to Trog.
Evoke which item? (* to show all) (? for menu, Esc to quit)
Okay, then.
Unknown command.
You gain the combat prowess of a mighty hero.
You block the vampire knight's attack.
You hear a shout!
Unknown command.
You can now deal lightning-fast blows.
You hear a shout!
You block the vampire knight's attack.
The vampire knight gestures wildly while chanting.
The vampire knight flickers and vanishes!
Deactivating autopickup; reactivate with Ctrl-A.
You hear a trumpeting!
Something hits you. Something closely misses you.
Damage: -4%(-5hp) hp: 75%(84hp)
Your plate armour prevents you from hitting something.
Your kick misses something. You peck something.
Unknown command.
Evoke which item? (* to show all) (? for menu, Esc to quit)
Okay, then.
Unknown command.
Evoke which item? (* to show all) (? for menu, Esc to quit)
Aiming: Thunderbolt
Press: ? - help, Shift-Dir - straight line, f - spriggan berserker
Aim: a spriggan berserker, wielding a +0 flail, wearing a +0 robe and wearing a +6 amulet of reflection The thunderbolt hits the spriggan berserker.
The spriggan berserker is lightly wounded.
The thunderbolt hits something.
You hear a shout!
Something hits you! Something bites you but does no damage.
A vampire knight comes into view. It is wielding a +0 great mace.
Damage: -12%(-13hp) hp: 63%(71hp) Unknown command.
You whack something! You hit something but do no damage. You claw something.
Something hits you!!
* * * LOW HITPOINT WARNING * * *
Something bites you!
* * * LOW HITPOINT WARNING * * *
Something draws strength from your injuries!
Huge Dmg: -25%(-29hp) hp: 38%(42hp)
As you read the scroll of teleportation {!d}, it crumbles to dust.
You feel strangely unstable.
The vampire knight gestures wildly while chanting.
The vampire knight seems to speed up.
You block something's attack. Something barely misses you.
Unknown command.
Unknown command.
Unknown command.
The spriggan berserker utters an invocation to Trog.
The spriggan berserker goes berserk!
Something hits you!
* * * LOW HITPOINT WARNING * * *
Huge Dmg: -14%(-15hp) hp: 25%(28hp)
The spriggan berserker rages.
You hear a trumpeting!
Unknown command.
The spriggan berserker rages. x2
You block the vampire knight's attack. The vampire knight bites you.
* * * LOW HITPOINT WARNING * * *
Something hits you!!
You die...

#...............)....# #[##≈..
#....................###[###≈.
####....................).....#≈.
>.......................##....###
........................##.#### #
........)............)..##.# #
..........#'######...)..##.# #
###########.####.V...().##.## #
..§.......z.iV..@.......'...#
#♣♣♣#♣#♣♣.♣#♣##♣##♣###..##.(#####
♣..♣ #..##>.((.)) ♣.....♣♣♣♣♣
#.###.###### .......♣...
♣.###'###### .i..........
♣.#......... .............
#.#......... P.P......P.P..
#.#......... ......P.P......
♣.'.........


You could see 2 vampire knights, a skeletal warrior and a spriggan berserker
(berserk).

Vanquished Creatures
  A caustic shrike (Depths:3)
  A sphinx (Depths:2)
  A tengu reaver (Depths:2)
  An iron dragon (Depths:2)
  A frost giant (Depths:1)
  3 fire giants
  A balrug (Depths:1)
  3 spriggan defenders
  7 stone giants
  4 very ugly things
  The ghost of iamserjio the Bludgeoner, a journeyman OpWn of Makhleb (D:15)
  3 vampire knights
  A minotaur (shapeshifter) (Depths:1)
  A minotaur (Gauntlet)
  6 ettins
  A great orb of eyes (Depths:3)
  4 yaktaur captains
  4 fire dragons
  A hydra (D:15)
  A hell beast (Depths:3)
  3 ice dragons
  19 two-headed ogres
  The ghost of Shaidar the Fighter, a novice MiBe of Trog (D:11)
  4 centaur warriors
  5 deep troll shamans
  A vampire mage (D:15)
  3 deep troll earth magi
  7 tengu warriors
  5 ogre magi
  2 spriggan berserkers
  Nergalle (D:10)
  2 sun demons (Depths:1)
  2 iron trolls
  2 skeletal warriors (D:15)
  2 glowing orange brains
  3 unseen horrors
  9 deep trolls
  2 phantasmal warriors (Depths:2)
  Pikel (D:7)
  2 wolf spider zombies
  A shadow dragon zombie (D:15)
  2 necromancers
  10 ugly things
  An iron dragon zombie (Depths:3)
  A mana viper (shapeshifter) (Depths:2)
  5 fauns (Depths:3)
  A moth of wrath (shapeshifter) (Depths:2)
  3 cyclopes
  3 manticores
  A rust devil (Depths:3)
  A torpor snail (Depths:3)
  2 gargoyles
  A smoke demon (Depths:3)
  3 centaur skeletons
  2 komodo dragons
  3 yaktaurs
  An efreet (D:11)
  5 tengu conjurers
  2 red devils (Depths:3)
  A wind drake (shapeshifter) (Depths:1)
  5 trolls
  A wolf spider simulacrum (D:15)
  Prince Ribbit (D:7)
  2 hornets
  An ettin zombie (D:15)
  A snapping turtle (D:12)
  A centaur simulacrum (D:15)
  19 slime creatures
  7 hippogriffs
  A spriggan zombie (D:15)
  A deep troll zombie (D:15)
  A spriggan (Depths:3)
  2 shadows (D:15)
  A vampire (D:14)
  A ynoxinul (Depths:3)
  5 wyverns
  8 water elementals
  A wraith (D:13)
  3 hogs (D:7)
  Eustachio (D:4)
  5 hungry ghosts
  A steam dragon (D:11)
  3 basilisks
  A warg (D:12)
  A soldier ant (D:11)
  An acid dragon (D:13)
  3 water moccasins (D:10)
  A hornet zombie (D:11)
  6 orc warriors
  5 ice beasts
  A slave (D:7)
  A black bear (shapeshifter) (D:13)
  A black bear (D:10)
  3 necrophages (D:10)
  4 phantoms
  14 ogres
  An eye of draining (D:12)
  3 boggarts (Depths:1)
  11 centaurs
  A big kobold (Sewer)
  8 bullfrogs
  A wyvern skeleton (D:14)
  5 wights (D:9)
  4 killer bees (D:6)
  7 howler monkeys
  4 crimson imps
  4 centaur zombies
  A quasit (D:6)
  2 bullfrog zombies
  11 orc priests
  7 jellies
  5 bullfrog skeletons
  5 hounds
  Ijyb (D:4)
  15 orc wizards
  An iguana (D:12)
  14 worker ants
  2 killer bee zombies
  A hound skeleton (D:5)
  3 mummies (Ossuary)
  A worker ant zombie (D:6)
  10 adders
  3 gnolls (D:8)
  A river rat (Sewer)
  2 shadow imps
  4 oozes
  A worm zombie (D:7)
  4 adder zombies
  2 adder skeletons
  6 worms
  A dart slug (D:2)
  2 leopard geckos
  66 orcs
  A ball python (Sewer)
  8 bats
  8 giant cockroaches
  12 goblins
  5 hobgoblins
  3 quokkas
  10 frilled lizards
  3 goblin zombies (Ossuary)
  2 hobgoblin zombies (Ossuary)
  10 kobolds
  2 kobold zombies (Ossuary)
  A leopard gecko zombie (D:5)
  5 quokka zombies
  14 rats
  5 rat zombies (Ossuary)
  2 fungi (D:4)
596 creatures vanquished.

Vanquished Creatures (collateral kills)
  A glowing orange brain (Depths:3)
  A hippogriff (D:12)
  A warg (D:12)
  An orc priest (D:12)
  3 orcs (D:12)
7 creatures vanquished.

Vanquished Creatures (others)
  A manticore (D:11)
  2 cyclopes
  A yaktaur (Depths:1)
  A slave (D:7)
  A yak (D:7)
  A vampire (D:12)
  A human (D:7)
  A sky beast (D:11)
  A black bear (D:11)
  4 centaurs
  A bullfrog zombie (D:7)
  2 worms (D:7)
  2 rats (D:7)
  166 plants
185 creatures vanquished.

Grand Total: 788 creatures vanquished

Notes
Turn   | Place    | Note
-------+----------+-------------------------------------------
     0 | D:1      | 1492 the Tengu Monk began the quest for the Orb.
     0 | D:1      | Reached XP level 1. HP: 14/14 MP: 2/2
   121 | D:1      | Reached XP level 2. HP: 10/19 MP: 3/3
   566 | D:1      | Reached XP level 3. HP: 20/23 MP: 4/4
  1139 | D:2      | Found an opulent altar of Gozag.
  1323 | D:2      | Found an opulent altar of Gozag.
  1732 | D:2      | Reached XP level 4. HP: 21/28 MP: 5/5
  1969 | D:3      | Found a shimmering altar of Xom.
  2345 | D:3      | Reached skill level 5 in Maces & Flails
  2603 | D:3      | Reached skill level 1 in Shields
  2935 | D:3      | Gained mutation: You can fly. [Tengu growth]
  2935 | D:3      | Reached XP level 5. HP: 33/33 MP: 6/6
  3317 | D:4      | Reached skill level 4 in Fighting
  3338 | D:4      | Noticed an orc warrior
  3509 | D:4      | Found a runed door.
  3622 | D:4      | Found a staircase to the Ecumenical Temple.
  3628 | D:4      | Noticed an ogre
  3631 | Temple   | Entered the Ecumenical Temple
  3683 | Temple   | Became a worshipper of Warmaster Okawaru
  3683 | Temple   | Reached * piety under Okawaru
  3683 | Temple   | Reached ** piety under Okawaru
  3790 | D:5      | Entered Level 5 of the Dungeon
  3903 | D:5      | HP: 13/33 [acid (2)]
  3904 | D:5      | HP: 5/33 [acid (4)]
  4151 | D:4      | Reached skill level 1 in Evocations
  4151 | D:4      | Reached XP level 6. HP: 35/38 MP: 7/7
  4208 | D:4      | Noticed Ijyb
  4226 | D:4      | HP: 9/38 [orc warrior/+0 dire flail (22)]
  4230 | D:4      | Killed Ijyb
  4235 | D:4      | Killed an orc warrior
  4235 | D:4      | Reached skill level 1 in Armour
  4539 | D:4      | Found a stormy altar of Qazlal.
  4826 | D:4      | Noticed Eustachio
  4847 | D:4      | Killed Eustachio
  4847 | D:4      | Reached XP level 7. HP: 43/44 MP: 6/10
  5112 | D:5      | Reached skill level 1 in Invocations
  5325 | D:5      | Reached XP level 8. HP: 43/48 MP: 11/11
  5515 | D:5      | Reached *** piety under Okawaru
  5598 | D:5      | Reached skill level 5 in Fighting
  5729 | D:6      | Found Posa's Weapon Shoppe.
  5736 | D:6      | Bought a throwing net for 45 gold pieces
  5842 | D:6      | Found a glowing drain.
  5892 | Sewer    | Entered a sewer
  6468 | D:6      | Found a glowing silver altar of Zin.
  6886 | D:6      | Reached XP level 9. HP: 55/55 MP: 13/13
  7039 | D:7      | Reached **** piety under Okawaru
  7057 | D:7      | Noticed Pikel
  7076 | D:7      | Killed Pikel
  7076 | D:7      | Reached skill level 6 in Fighting
  7076 | D:7      | Reached skill level 5 in Invocations
  7076 | D:7      | Reached skill level 5 in Evocations
  7512 | D:7      | Found a sand-covered staircase.
  7521 | D:7      | Noticed Prince Ribbit
  7527 | D:7      | Noticed a troll
  7542 | D:7      | Killed a troll
  7542 | D:7      | Reached XP level 10. HP: 61/61 MP: 13/15
  7559 | Ossuary  | Entered an ossuary
  7922 | D:7      | HP: 23/61 [Prince Ribbit (12)]
  7924 | D:7      | Killed Prince Ribbit
  8046 | D:7      | Noticed a moth of wrath
  8065 | D:7      | Found a bloodstained altar of Trog.
  8437 | D:8      | Reached skill level 7 in Fighting
  8459 | D:8      | Reached ***** piety under Okawaru
  8685 | D:8      | Found Vasote's Assorted Antiques.
  8744 | D:8      | Bought a murky pink potion for 21 gold pieces
  8744 | D:8      | Bought a puce potion for 21 gold pieces
  8744 | D:8      | Bought a scroll of identify for 48 gold pieces
  8744 | D:8      | Bought a small diamond ring for 120 gold pieces
  9090 | D:8      | Found a deep blue altar of Sif Muna.
  9614 | D:9      | Received a gift from Okawaru
  9695 | D:10     | Entered Level 10 of the Dungeon
  9752 | D:10     | Noticed a gargoyle
  9886 | D:10     | Killed a gargoyle
  9886 | D:10     | Reached skill level 5 in Dodging
  9984 | D:9      | Reached skill level 8 in Fighting
  9984 | D:9      | Reached XP level 11. HP: 51/68 MP: 18/18
 10061 | D:10     | Noticed Nergalle
 10076 | D:10     | Killed Nergalle
 10633 | D:10     | Reached skill level 9 in Fighting
 10663 | D:10     | Got a brightly glowing large shield
 10674 | D:10     | Identified the cursed +0 large shield of Exto {rF+ rN++}
                  | (You found it on level 10 of the Dungeon)
 10801 | D:10     | Learned a level 2 spell: Passwall
 10900 | D:11     | Noticed a purple ugly thing
 11116 | D:11     | Found a runed gate.
 11116 | D:11     | Noticed a manticore
 11116 | D:11     | Noticed a two-headed ogre
 11140 | D:11     | Killed a two-headed ogre
 11140 | D:11     | Received a gift from Okawaru
 11183 | D:11     | Noticed a purple ugly thing
 11196 | D:11     | Killed a purple ugly thing
 11205 | D:11     | Killed a brown ugly thing
 11236 | D:11     | Noticed Shaidar's ghost (novice MiBe)
 11310 | D:11     | Noticed a two-headed ogre
 11322 | D:11     | Killed a two-headed ogre
 11322 | D:11     | Reached skill level 5 in Armour
 11392 | D:11     | Found Dube's Distillery.
 11438 | D:11     | Bought a potion of agility for 52 gold pieces
 11438 | D:11     | Bought 2 potions of might for 104 gold pieces
 11438 | D:11     | Bought a potion of might for 52 gold pieces
 11438 | D:11     | Bought a potion of invisibility for 104 gold pieces
 11438 | D:11     | Bought a potion of heal wounds for 65 gold pieces
 11438 | D:11     | Bought a potion of curing for 39 gold pieces
 11483 | D:11     | Found a runed gate.
 11483 | D:11     | Found a runed gate.
 11525 | D:11     | Killed a manticore
 11663 | D:11     | Reached XP level 12. HP: 54/76 MP: 17/19
 11711 | D:11     | Found a staircase to the Lair.
 11871 | D:12     | Reached skill level 5 in Shields
 12052 | D:12     | Noticed Sonja
 12581 | D:13     | Received a gift from Okawaru
 12737 | D:13     | Reached skill level 10 in Fighting
 13416 | D:14     | Noticed a centaur warrior
 13426 | D:14     | Killed a centaur warrior
 13548 | D:14     | Identified Roxanne's Reference Book on Changing
 13548 | D:14     | Noticed Roxanne
 13587 | D:14     | Found a gate to the Vaults.
 13595 | D:14     | Noticed a yaktaur captain
 13615 | D:14     | Killed a yaktaur captain
 13693 | D:14     | HP: 29/78 [gargoyle/stone arrow (19)]
 13696 | D:14     | Received a gift from Okawaru
 13722 | D:14     | You are sucked into a shaft!
 13722 | D:15     | Entered Level 15 of the Dungeon
 13874 | D:14     | Found a gate leading to a gauntlet.
 13882 | Gauntlet | Entered a Gauntlet
 13882 | Gauntlet | Found a transporter.
 13882 | Gauntlet | Found a transporter.
 13882 | Gauntlet | Found a transporter.
 13882 | Gauntlet | Noticed a tengu warrior
 13893 | Gauntlet | Found a transporter.
 13897 | Gauntlet | Found a transporter.
 13907 | Gauntlet | Found a transporter.
 13915 | Gauntlet | Found a transporter.
 13933 | Gauntlet | Found a transporter.
 13939 | Gauntlet | Found a transporter.
 13940 | Gauntlet | Found a transporter.
 13941 | Gauntlet | Found a transporter.
 13951 | Gauntlet | Found a transporter.
 14111 | Gauntlet | Killed a tengu warrior
 14248 | Gauntlet | Got an ichor-stained cloak
 14266 | Gauntlet | Identified the -3 cloak of Lugonu's Generosity {Str+4} (You
                  | found it in a Gauntlet)
 14308 | Gauntlet | Noticed a minotaur
 14320 | Gauntlet | Killed a minotaur
 14320 | Gauntlet | Reached skill level 10 in Maces & Flails
 14320 | Gauntlet | Reached XP level 13. HP: 75/83 MP: 13/20
 14929 | D:15     | Received a gift from Okawaru
 14954 | D:15     | Got an aquamarine-encrusted plate armour {god gift}
 14967 | D:15     | Identified the +2 plate armour of Past Mistakes {rN++ rCorr
                  | SInv Stlth-} (Okawaru gifted it to you on level 15 of the
                  | Dungeon)
 15330 | D:15     | Found a staircase to the Depths.
 15820 | D:15     | Found a runed gate.
 15820 | D:15     | Found a runed gate.
 15821 | D:15     | Found a runed gate.
 15828 | D:15     | Noticed iamserjio's ghost (journeyman OpWn)
 15848 | D:15     | Killed iamserjio's ghost
 15848 | D:15     | Reached skill level 11 in Fighting
 15848 | D:15     | Reached skill level 10 in Dodging
 16499 | D:12     | Noticed Sonja
 16499 | D:12     | Sonja changed into Sonja the snapping turtle
 16528 | D:12     | Killed Sonja the snapping turtle
 16543 | D:12     | Found a staircase to the Orcish Mines.
 16817 | D:12     | Gained mutation: You can fly continuously. [Tengu growth]
 16817 | D:12     | Reached XP level 14. HP: 90/90 MP: 21/21
 16958 | D:11     | Killed Shaidar's ghost
 16958 | D:11     | Received a gift from Okawaru
 17124 | Depths:1 | Entered Level 1 of the Depths
 17227 | Depths:1 | Noticed a frost giant
 17254 | Depths:1 | Killed a frost giant
 17254 | Depths:1 | Reached skill level 10 in Shields
 17283 | Depths:1 | Found a one-way gate to the infinite horrors of the Abyss.
 17369 | Depths:1 | Found Jijeoz's Armour Shoppe.
 17434 | Depths:1 | Bought a +2 chain mail of magic resistance for 279 gold
                  | pieces
 17565 | Depths:1 | Noticed a stone giant
 17581 | Depths:1 | Killed a stone giant
 17883 | Depths:1 | Found Qooffeuv's Antique Armour Shop.
 17884 | Depths:1 | Found Lezutao's Food Boutique.
 17884 | Depths:1 | Found Yvaud's General Store.
 17889 | Depths:1 | Found Vumeoch's Distillery.
 17898 | Depths:1 | Noticed a stone giant
 17906 | Depths:1 | Noticed a stone giant
 17925 | Depths:1 | Killed a stone giant
 17934 | Depths:1 | Killed a stone giant
 17960 | Depths:1 | Noticed a cyan very ugly thing
 17960 | Depths:1 | Noticed a cyan very ugly thing
 18221 | Depths:1 | Killed a cyan very ugly thing
 18414 | Depths:1 | Noticed a stone giant
 18430 | Depths:1 | Killed a stone giant
 18541 | Depths:1 | HP: 32/91 [two-headed ogre/+0 giant spiked club (15)]
 18600 | Depths:1 | Noticed a cyan very ugly thing
 18622 | D:15     | HP: 35/91 [deep troll earth mage (15)]
 18859 | Depths:1 | Received a gift from Okawaru
 18871 | Depths:1 | Reached skill level 12 in Fighting
 19351 | Depths:1 | Killed a cyan very ugly thing
 19438 | Depths:1 | HP: 30/92 [ettin/+0 dire flail (32)]
 19616 | Depths:1 | Reached XP level 15. HP: 73/96 MP: 19/22
 19625 | Depths:1 | Reached skill level 10 in Armour
 20233 | Depths:1 | Noticed a balrug
 20265 | Depths:1 | Killed a balrug
 20265 | Depths:1 | Reached skill level 13 in Fighting
 20266 | Depths:1 | Found a gateway to Hell.
 21265 | Depths:2 | Noticed an iron dragon
 21311 | Depths:2 | HP: 7/99 [iron dragon/spray of metal splinters (41)]
 21323 | Depths:2 | HP: 13/99 [iron dragon/spray of metal splinters (33)]
 21329 | Depths:2 | HP: 26/99 [iron dragon (11)]
 21330 | Depths:2 | Killed an iron dragon
 21379 | Depths:2 | HP: 33/99 [fire dragon/blast of flame (14)]
 21672 | Depths:2 | Received a gift from Okawaru
 21712 | Depths:2 | Found a glowing golden altar of the Shining One.
 21799 | Depths:2 | Noticed a tengu reaver
 21827 | Depths:2 | Killed a tengu reaver
 22349 | Depths:2 | HP: 40/100 [ice dragon/blast of cold (23)]
 22355 | Depths:2 | Noticed a sphinx
 22362 | Depths:1 | HP: 28/100 [ice dragon/blast of cold (14)]
 22367 | Depths:1 | HP: 26/100 [ice dragon (3)]
 22662 | Depths:2 | Killed a sphinx
 22662 | Depths:2 | Reached skill level 14 in Fighting
 22781 | Depths:1 | Reached XP level 16. HP: 80/106 MP: 23/23
 23193 | Depths:2 | Received a gift from Okawaru
 23694 | Depths:2 | Got a distressingly furry robe
 23807 | Depths:3 | Found a gateway to a ziggurat.
 23842 | Depths:3 | Noticed a caustic shrike
 23854 | Depths:3 | Killed a caustic shrike
 23854 | Depths:3 | Received a gift from Okawaru
 24170 | Depths:2 | HP: 39/107 [vampire knight/vampiric draining (5)]
 24183 | Depths:2 | HP: 29/107 [phantasmal warrior (6)]
 24721 | Depths:3 | Found Qithoysk's Antique Armour Boutique.
 24808 | Depths:3 | Reached skill level 15 in Fighting
 25033 | Depths:3 | Found a one-way gate leading to the halls of Pandemonium.
 25526 | Depths:3 | Reached ****** piety under Okawaru
 25622 | Depths:3 | Received a gift from Okawaru
 25630 | Depths:3 | Got a slimy hat {god gift}
 25663 | Depths:3 | Identified the +2 hat of Vigel {rN+ MR- Str+5} (Okawaru
                  | gifted it to you on level 3 of the Depths)
 25753 | Depths:3 | HP: 32/108 [spriggan defender/+6 quick blade (19)]
 25760 | Depths:3 | HP: 29/108 [spriggan rider/+0 spear[a spriggan defender]
                  | (6)]
 25767 | Depths:3 | Reached XP level 17. HP: 47/113 MP: 24/24
 26205 | Depths:3 | HP: 42/113 [something (9)]
 26209 | Depths:3 | Mangled by a vampire knight

Vault maps used:
D:1:      minmay_arrival_three_doors, minmay_hexomino_c4
D:2:      lemuel_doored_altar, grunt_gozag_statues
D:3:      overflow_temple_1_default
D:4:      marbit_many_paths, minmay_temple_entry_large_hall, first_ration,
          chequers_serial_rivers_micro_d, minmay_manual_moon,
          uniq_crazy_yiuf_cottage, uniq_eustachio, uniq_ijyb
D:6:      minmay_recursive_quarters, zin_statuary, serial_shops,
          nicolae_shop_stone, cheibrodos_sewer_entry_bend
D:7:      tgw_trog, enter_ossuary_3, grunt_livestock, uniq_pikel,
          uniq_prince_ribbit1
D:8:      nicolae_whirlpool, led_sif_pool, serial_shops,
          nicolae_shop_statue_plus
D:9:      kennysheep_dice
D:10:     uniq_nergalle
D:11:     erik_lair_dragon, serial_shops, shop_fountains, gammafunk_ghost_split
D:12:     erik_orc_4, uniq_sonja
D:14:     david_vaults_2, gauntlet_entry_generic, uniq_roxanne
D:15:     gammafunk_depths_entry_grave, ebering_ghost_rock_garden
Temple:   eino_temple_rhombus
Depths:1: serial_shops, shop, lightli_too_deep, abyss_entry, hex_tiny,
          drop_trap, kilobyte_mutagenic_chamber, serial_bayou_shore_a,
          minmay_shoptagon, grunt_megastairs_2, serial_bayou_shore_b
Depths:2: minmay_the_grid_net, tso_altar, hell_entry,
          minmay_misc_feat_more_columns, hangedman_abyss_or_decor_passed
Depths:3: grunt_forest_end_winery, enter_ziggurat_a, serial_shops,
          nicolae_shop_behind_doors, rand_demon_pan_entry_4,
          hangedman_geh_valley, special_room, kennysheep_island_fort,
          uniq_margery
Sewer:    sewer_co_15_rooms
Ossuary:  ossuary_minmay_chase
Gauntlet: minmay_gauntlet_mixed_big_or_small

Skill      XL: |  1  2  3  4  5  6  7  8  9 10 11 12 13 14 15 16 |
---------------+-------------------------------------------------+-----
Maces & Flails | 4 5 6 7 8 9 10 11 12 | 12.1
Shields        | 1 4 7 9 11 12 13 | 13.8
Fighting       | 4 5 6 8 9 10 11 12 14 15 | 15.5
Evocations     | 1 2 3 4 6 7 8 |  8.5
Armour         | 2 3 5 7 8 9 10 | 10.0
Invocations    | 1 4 6 8 |  8.1
Dodging        | 5 7 9 10 11 12 13 | 13.6
Stealth        | |  2.0

Action                   |  1- 3 |  4- 6 |  7- 9 | 10-12 | 13-15 | 16-18 || total
-------------------------+-------+-------+-------+-------+-------+-------++-------
Melee: Mace              |    85 |    99 |       |       |       |       ||   184
       Kick              |    18 |    57 |    87 |   298 |   514 |   273 ||  1247
       Peck              |    19 |    25 |    54 |   179 |   312 |   171 ||   760
       Flail             |       |    55 |   255 |   755 |       |       ||  1065
       Club              |       |    24 |    50 |       |       |       ||    74
       Morningstar       |       |       |       |    71 |   785 |       ||   856
       Demon whip        |       |       |       |       |   249 |   540 ||   789
 Fire: Fustibalus        |       |       |       |     2 |       |       ||     2
Throw: Javelin           |       |       |     2 |     5 |       |       ||     7
       Tomahawk          |       |       |     3 |       |       |     3 ||     6
Invok: Heroism           |       |     5 |     4 |    23 |    29 |    13 ||    74
       Finesse           |       |       |       |     7 |     8 |     4 ||    19
 Abil: Fly               |       |     1 |     1 |     8 |     6 |       ||    16
Evoke: Wand              |       |     7 |       |     6 |     3 |     4 ||    20
       Phial of floods   |       |       |       |       |     1 |     1 ||     2
       Sack of spiders   |       |       |       |       |     1 |       ||     1
       Lightning rod     |       |       |       |       |       |     1 ||     1
  Use: Scroll            |       |     3 |    12 |    11 |    17 |     7 ||    50
       Potion            |       |     2 |       |     2 |     7 |       ||    11
 Stab: Sleeping          |     4 |       |     2 |     8 |     1 |       ||    15
       Distracted        |     1 |       |       |     3 |       |       ||     4
       Paralysed         |       |     6 |       |       |       |       ||     6
  Eat: Chunk             |     3 |    10 |     8 |    20 |    19 |     3 ||    63
       Ration            |       |       |       |     2 |     3 |     3 ||     8
Armor: Robe              |    18 |     4 |       |       |       |       ||    22
       Chain mail        |       |    33 |       |       |    46 |       ||    79
       Ring mail         |       |     6 |    67 |   211 |     4 |       ||   288
       Plate armour      |       |       |       |       |   130 |    48 ||   178
Dodge: Dodged            |    57 |    91 |   178 |   400 |   281 |   126 ||  1133
       Deflected         |       |       |       |       |     2 |     5 ||     7
Block: Buckler           |     2 |    34 |   100 |   128 |       |       ||   264
       Reflection        |       |       |     8 |    36 |    33 |    16 ||    93
       Large shield      |       |       |       |   338 |   803 |   370 ||  1511

Table legend:
 A = Non-vault XP
 B = Vault XP
 C = Vault XP percentage of total XP
 D = Non-vault monster count
 E = Vault monster count
 F = Vault count percentage of total count
                 A         B        C        D         E       F
            +---------+---------+-------+---------+---------+-------
      Total |  128105 |   55280 |  30.1 |     450 |     159 |  26.1
            +---------+---------+-------+---------+---------+-------
        D:1 |      41 |      11 |  21.2 |      24 |       8 |  25.0
        D:2 |      48 |       0 |   0.0 |      10 |       0 |   0.0
        D:3 |      68 |       0 |   0.0 |      23 |       0 |   0.0
        D:4 |     298 |     402 |  57.4 |      12 |       5 |  29.4
        D:5 |     660 |       0 |   0.0 |      20 |       0 |   0.0
        D:6 |     653 |     240 |  26.9 |      20 |       7 |  25.9
        D:7 |    1146 |    1659 |  59.1 |      20 |       8 |  28.6
        D:8 |    1003 |     214 |  17.6 |      17 |       2 |  10.5
        D:9 |    2047 |     202 |   9.0 |      29 |       2 |   6.5
       D:10 |    3048 |     804 |  20.9 |      43 |       1 |   2.3
       D:11 |    4810 |    3534 |  42.4 |      22 |      10 |  31.2
       D:12 |    3238 |     872 |  21.2 |      23 |      19 |  45.2
       D:13 |    4174 |       0 |   0.0 |      19 |       0 |   0.0
       D:14 |    5002 |    1774 |  26.2 |      11 |       3 |  21.4
       D:15 |   12851 |    5822 |  31.2 |      35 |       9 |  20.5
     Temple |       3 |       0 |   0.0 |       1 |       0 |   0.0
   Depths:1 |   41141 |    8907 |  17.8 |      58 |      12 |  17.1
   Depths:2 |   23083 |   16004 |  40.9 |      31 |      13 |  29.5
   Depths:3 |   24791 |   12038 |  32.7 |      32 |      16 |  33.3
      Sewer |       0 |     155 | 100.0 |       0 |      17 | 100.0
    Ossuary |       0 |      84 | 100.0 |       0 |      21 | 100.0
   Gauntlet |       0 |    2558 | 100.0 |       0 |       6 | 100.0
            +---------+---------+-------+---------+---------+-------
